 Dungeon Crawl Stone Soup version 0.30-a0-364-gf6b3ef1049 (webtiles) character file.

Game seed: 10110502568370544978

29 Manisia the Stinger (level 3, 13/16 HPs)
             Began as a Spriggan Venom Mage on Nov 15, 2022.
             Quit the game on level 2 of the Dungeon.
             The game lasted 00:03:09 (1233 turns).

Manisia the Stinger (Spriggan Venom Mage)           Turns: 1233, Time: 00:03:09

Health: 13/16      AC:  2    Str:  4    XL:     3   Next: 1%
Magic:  0/8        EV: 17    Int: 18    God:
Gold:   89         SH:  0    Dex: 15    Spells: 5/8 levels left

rFire   . . .      SeeInvis +    (weapon restricted)
rCold   . . .      Faith    .    (no shield)
rNeg    . . .      Spirit   .    a - +0 robe
rPois   .          Reflect  .    (helmet restricted)
rElec   .          Harm     .    (no cloak)
rCorr   .          Rampage  .    (gloves unavailable)
Will    .....                    (boots unavailable)
Stlth   ++........               (no amulet)
HPRegen 0.22/turn                (no ring)
MPRegen 0.11/turn                (no ring)

@: very quick
A: very small, no large weapons, unfitting armour, see invisible, speed 3
a: no special abilities


You were on level 2 of the Dungeon.
You visited 1 branch of the dungeon, and saw 2 of its levels.

You collected 89 gold pieces.

Inventory:

Missiles
 e - 12 stones
Armour
 a - a +0 robe (worn)
Scrolls
 d - a scroll of vulnerability
Potions
 b - a potion of magic


   Skills:
 + Level 0.1 Fighting
 + Level 2.9 Dodging
 + Level 3.0 Stealth
 + Level 3.3 Spellcasting
 + Level 2.0 Transmutations
 + Level 3.5 Poison Magic


You had 5 spell levels left.
You knew the following spells:

 Your Spells              Type           Power      Damage    Failure   Level
a - Sting                 Tmut/Pois      52%        1d5       4%          1
b - Poisonous Vapours     Pois/Air       18%        N/A       12%         2

Your spell library contained the following spells:

 Spells                   Type           Power      Damage    Failure   Level
 Magic Dart               Conj           8%         1d3       16%         1
 Slow                     Hex            8%         N/A       16%         1
 Call Imp                 Summ           2%         N/A       24%         2
 Mephitic Cloud           Conj/Pois/Air  7%         N/A       28%         3
 Olgreb's Toxic Radiance  Pois           15%        N/A       36%         4
 Confusing Touch          Hex            2%         N/A       43%         3
 Vampiric Draining        Necr           2%         2d6       43%         3


Dungeon Overview and Level Annotations

Branches:
Dungeon (2/15)

Altars:


Innate Abilities, Weirdness & Mutations

You are very small and have problems with some larger weapons.
You are too small for most types of armour.
You have supernaturally acute eyesight. (SInv)
You cover ground extremely quickly. (Speed+++)


Message History

Aiming: Sting (safe; 6% risk of failure)
Press: ? - help, Shift-Dir - straight line, f/p - endoplasm
Aim: an endoplasm (heavily wounded, poisoned, 98% to hit)
The sting hits the endoplasm but does no damage.
The endoplasm looks even sicker.
The endoplasm is heavily wounded.
Casting: Sting (safe; 6% risk of failure)
Confirm with . or Enter, or press ? or * to list all spells.
Aiming: Sting (safe; 6% risk of failure)
Press: ? - help, Shift-Dir - straight line, f/p - endoplasm
Aim: an endoplasm (almost dead, very poisoned, 98% to hit)
The sting hits the endoplasm.
The endoplasm looks even sicker.
You kill the endoplasm!
A hobgoblin comes into view.
A hobgoblin is nearby!
Casting: Sting (safe; 6% risk of failure)
Confirm with . or Enter, or press ? or * to list all spells.
Aiming: Poisonous Vapours (safe; 14% risk of failure)
Press: ? - help, Dir - move target, f - hobgoblin
Aim: a hobgoblin (wandering, hasn't noticed you) Poisonous vapours surround the hobgoblin!
The hobgoblin is poisoned.
Casting: Poisonous Vapours (safe; 14% risk of failure)
Confirm with . or Enter, or press ? or * to list all spells.
Okay, then.
Casting: Poisonous Vapours (safe; 14% risk of failure)
Confirm with . or Enter, or press ? or * to list all spells.
Aiming: Sting (safe; 6% risk of failure)
Press: ? - help, Shift-Dir - straight line, f/p - hobgoblin
Aim: a hobgoblin (severely wounded, poisoned, 71% to hit)
The sting hits the hobgoblin.
The hobgoblin looks even sicker.
You kill the hobgoblin!
You have reached level 3!
Your experience leads to an increase in your attributes!
Increase (S)trength, (I)ntelligence, or (D)exterity?
You feel clever. x2
Okay, then.
Unknown command.
Unknown command.
Are you sure you want to abandon this character and quit the game? (Confirm with "yes".)

.......................
#.....................
#.............).......
#.....................
#.....................
#....†................
#....)................
#.....................
#....@........######+#
#..[..........# #
############### # # . #


There were no monsters in sight!

Vanquished Creatures
  A dart slug (D:1)
  4 bats (D:1)
  3 endoplasms
  A giant cockroach (D:1)
  5 hobgoblins
  3 kobolds
  2 ball pythons (D:1)
  4 frilled lizards (D:1)
  3 rats (D:1)
26 creatures vanquished.

Notes
Turn   | Place    | Note
-------+----------+-------------------------------------------
     0 | D:1      | Manisia the Spriggan Venom Mage began the quest for the
                  | Orb.
     0 | D:1      | Reached XP level 1. HP: 9/9 MP: 5/5
    31 | D:1      | Found a faded altar of an unknown god.
   334 | D:1      | Reached XP level 2. HP: 13/13 MP: 3/6
   340 | D:1      | Learned a level 2 spell: Poisonous Vapours
  1233 | D:2      | Reached XP level 3. HP: 13/16 MP: 0/8
  1233 | D:2      | Quit the game

Illustrated notes

Levels and vault maps discovered:
D:1:      saegor_arrival_fortress, layout_basic, ebering_ecumenical_altar_webs,
          nrook_mini_backslash
D:2:      layout_basic

Skill      XL: |  1  2 |
---------------+-------+-----
Spellcasting   | 3 |  3.3
Transmutations | 2 |  2.0
Fighting       | |  0.1
Dodging        | |  2.9
Stealth        | |  3.0
Poison Magic   | |  3.5

Action                   || total
-------------------------++-------
Melee: Unarmed           ||     2
 Cast: Sting             ||    45
       Poisonous Vapours ||     2
  Use: Scroll            ||     3
Armor: Robe              ||     2
Dodge: Dodged            ||    11

Table legend: (Time is in decaauts)
 A = Elapsed time spent in this place.
 B = Non-inter-level travel time spent in this place.
 C = Inter-level travel time spent in this place.
 D = Time resting spent in this place.
 E = Time spent auto-exploring this place.
 F = Levels seen in this place.
 G = Mean time per level.
                   A        B        C        D        E       F      G
               +--------+--------+--------+--------+--------+-----+--------+
         Total |    963 |    946 |     17 |     30 |    756 |   2 |  481.5 |
       Dungeon |    963 |    946 |     17 |     30 |    756 |   2 |  481.5 |
               +--------+--------+--------+--------+--------+-----+--------+

Top non-repeatable levels by time:
     D:1: 888 daAuts
     D:2: 74 daAuts
